 Dungeon Crawl Stone Soup version 0.26.1-11-gd32895ea62 (webtiles) character file.

Game seed: 894767261752653039

41699 Almogavar the Basher (level 14, -6/138 HPs)
             Began as a Gargoyle Berserker on Apr 27, 2021.
             Was a High Priest of Trog.
             Mangled by a black mamba (11 damage)
             ... on level 5 of the Lair of Beasts.
             The game lasted 00:53:19 (21094 turns).

Almogavar the Basher (Gargoyle Berserker)          Turns: 21094, Time: 00:53:19

Health: -6/138     AC: 33    Str: 24    XL:     14   Next: 16%
Magic:  14/14      EV: 11    Int: 10    God:    Trog [*****.]
Gold:   953        SH:  0    Dex: 15    Spells: 13/13 levels left

rFire    . . .     SeeInvis +   M - +6 eveningstar
rCold    + . .     Faith    .   (no shield)
rNeg     + . .     Spirit   .   f - +1 chain mail {Will+}
rPois    ∞         Reflect  .   H - +1 hat {Will+}
rElec    +         Harm     .   Q - +1 cloak {rC+}
rCorr    .         Rampage  .   L - +2 pair of gloves
Will     +++++                  k - +2 pair of boots
Stlth    ..........             C - amulet of magic regeneration
HPRegen  1.33/turn              K - +6 ring of dexterity
MPRegen  0.39/turn              i - ring of see invisible

@: berserking, regenerating, very quick
A: big wings, negative energy resistance 1, electricity resistance, unbreathing,
petrification resistance, miasma immunity, AC +10
a: Fly, Renounce Religion, Berserk, Trog's Hand, Brothers in Arms


You were on level 5 of the Lair of Beasts.
You worshipped Trog.
Trog was extremely pleased with you.
You visited 2 branches of the dungeon, and saw 15 of its levels.
You also visited: Ice Cave.

You collected 953 gold pieces.

Inventory:

Hand Weapons
 a - a +2 whip of flaming
 t - the +7 battleaxe of the Thieving Pill Bug {chaos, rC+ Will+ Str-4 Int+2}
   (You found it in an ice cave)

   Each time it hits an enemy it has a different, random effect.
   It affects your strength (-4).
   It affects your intelligence (+2).
   It protects you from cold.
   It affects your willpower, your defense against some magical effects.
 y - a +0 shortbow
 M - a +6 eveningstar (weapon)
 N - a +3 antimagic great mace
Missiles
 n - 108 arrows
 o - 211 bolts
Armour
 e - +0 acid dragon scales
 f - a +1 chain mail of willpower (worn)
 k - a +2 pair of boots (worn)
 H - a +1 hat of willpower (worn)
 L - a +2 pair of gloves (worn)
 Q - a +1 cloak of cold resistance (worn)
Jewellery
 i - a ring of see invisible (right hand)
 B - an uncursed ring of stealth
 C - an amulet of magic regeneration (around neck)
 I - an uncursed ring of stealth
 K - a +6 ring of dexterity (left hand)
Wands
 h - a wand of random effects (13)
 s - a wand of flame (44)
 w - a wand of paralysis (22)
 G - a wand of iceblast (11)
 P - a wand of digging (4)
Scrolls
 b - 2 scrolls of enchant armour
 j - 2 scrolls of fear
 l - 8 scrolls of teleportation
 m - 2 scrolls of remove curse
 p - 2 scrolls of enchant weapon
 u - 3 scrolls of magic mapping
 x - a scroll of summoning
 D - 2 scrolls of immolation {unknown}
 E - 2 scrolls of vulnerability {unknown}
 F - a scroll of blinking {unknown}
 J - a scroll of noise {unknown}
Potions
 c - 3 potions of heal wounds
 d - 6 potions of curing
 g - 2 potions of haste {unknown}
 q - 2 potions of flight
 r - 2 potions of brilliance {unknown}
 v - 2 potions of resistance
 z - 2 potions of ambrosia {unknown}
 A - 6 potions of might {unknown}
 O - a potion of invisibility {unknown}


   Skills:
 + Level 12.3 Fighting
 + Level 13.9 Maces & Flails
 + Level 11.5 Bows
 + Level 11.2 Armour
 + Level 5.2 Dodging
 - Level 0.3 Stealth
 + Level 1.0 Evocations


You had 13 spell levels left.
You didn't know any spells.
Your spell library was empty.

Dungeon Overview and Level Annotations

Branches:
Dungeon (10/15)            Temple (0/1) D:5            Lair (5/6) D:9
  Swamp (0/4) Lair:4        Snake (0/4) Lair:4        Slime (0/5) Lair:5
    Orc (0/2) D:10          IceCv (visited)

Altars:
Elyvilon
Kikubaaqudgha
Qazlal
Wu Jian
Xom
Yredelemnul
Beogh

Shops:
D:4 !

Annotations:
Lair:4 3 runed translucent doors, gnacko's ghost, journeyman TrBe


Innate Abilities, Weirdness & Mutations

You are resistant to torment.
Your stone body is resilient. (AC +10)
You are immune to poison.
Your large and strong wings let you fly indefinitely.
You resist negative energy. (rN+)
You are resistant to electric shocks. (rElec)
You can survive without breathing.
You are immune to petrification.
You are immune to miasma.


Message History

The komodo dragon barely misses you.
Unknown command.
You puncture the black mamba!
The black mamba is severely wounded.
The black mamba bites you!
* * * LOW HITPOINT WARNING * * *
The blink frog blinks!
The black mamba bites you but does no damage.
Unknown command.
You puncture the black mamba!
You kill the black mamba!
Trog accepts your kill. The black mamba closely misses you.
The blink frog closely misses you. The komodo dragon barely misses you.
The blink frog hits you but does no damage.
Unknown command.
You impale the black mamba!!
The black mamba is almost dead.
The black mamba bites you!
You die...

,,,,,,*,,,,......#...............
,,,,,**,,,...P..(.#..............
,,,,,,,,,.........#..........:...
,,,,,,,,,.....F..#...............
,,,,,*,,,........................
,,,,,,,,,....#O.F.........#......
,,,,,,,,,....§...................
,,,,,,,,,§F.....(................
,,,,,,,,,..F...F@†..#...........,
,,,,,,,,,......lSF............,,,
,,,,,,,,,...§.......#.....#...,,,
,,,,,,,,,....................,,,,
,,,,,,,,,#...P..............,,*,*
,,,,,,,,,#.................,,,,,,
,,,,,,,,,.................,,,,,,,
,,,,,,,,*P..............#,,,,,,,,
*,,,,,,,**,,,*,,,,,,*,,,,,,,,,,,,


You could see a komodo dragon, a black mamba, 6 blink frogs and a friendly ogre
(summoned, berserk).

Vanquished Creatures
  Gastronok (Lair:1)
  A frost giant (IceCv)
  6 hydras
  A two-headed ogre (D:8)
  4 death yaks
  2 tengu warriors (D:10)
  Sonja (Lair:1)
  Nergalle (Lair:4)
  Urug (Lair:2)
  An unseen horror (D:10)
  Pikel (D:4)
  A cyclops (D:9)
  An ice statue (IceCv)
  A centaur zombie (D:10)
  2 black mambas (Lair:5)
  A torpor snail (Lair:5)
  Maggie (Lair:2)
  7 komodo dragons
  7 cane toads
  A rime drake (Lair:3)
  18 polar bears
  7 blink frogs
  A tyrant leech (Lair:4)
  Prince Ribbit (D:7)
  Grinder (D:5)
  A hornet (D:8)
  Sigmund (D:5)
  9 basilisks
  3 wyverns
  26 yaks
  A steam dragon (Lair:5)
  4 swamp worms (Lair:4)
  Menkaure (D:5)
  A naga (Lair:4)
  12 water moccasins
  11 orc warriors
  4 sky beasts
  An ice beast (D:5)
  A phantom (D:7)
  A hornet zombie (D:10)
  3 black bears
  22 wolves
  3 ogres
  7 centaurs
  2 lemures (D:3)
  11 bullfrogs
  A wyvern zombie (D:10)
  A gnoll sergeant (D:6)
  A scorpion (D:9)
  5 killer bees (D:10)
  2 howler monkeys
  2 bullfrog zombies
  2 jellies (D:6)
  12 orc wizards
  2 gnoll shamans (D:6)
  6 orc priests
  A centaur skeleton (D:10)
  A hound (D:9)
  Crazy Yiuf (D:2)
  2 bullfrog skeletons
  4 iguanas
  Natasha (thrice) (D:2)
  12 worker ants
  3 hound skeletons
  A worker ant zombie (D:7)
  12 adders
  52 gnolls
  A shadow imp (D:5)
  13 white imps
  A worker ant simulacrum (D:9)
  2 ufetubi
  2 oozes (D:3)
  2 adder zombies (D:5)
  2 adder skeletons
  2 worms
  A dart slug (D:1)
  4 leopard geckos
  52 orcs
  4 giant cockroaches
  6 goblins
  7 hobgoblins
  16 jackals
  2 quokkas
  A ball python (D:6)
  6 bats
  7 frilled lizards
  6 kobolds
  11 rats
469 creatures vanquished.

Vanquished Creatures (collateral kills)
  A cane toad (Lair:5)
  A yak (IceCv)
  A wolf (IceCv)
3 creatures vanquished.

Vanquished Creatures (others)
  3 bushes (D:9)
  11 fungi
  32 plants
46 creatures vanquished.

Grand Total: 518 creatures vanquished

Notes
Turn   | Place    | Note
-------+----------+-------------------------------------------
     0 | D:1      | Almogavar the Gargoyle Berserker began the quest for the
                  | Orb.
     0 | D:1      | Reached XP level 1. HP: 14/14 MP: 1/1
   254 | D:1      | Reached XP level 2. HP: 18/19 MP: 2/2
   746 | D:2      | Reached XP level 3. HP: 20/24 MP: 3/3
   751 | D:2      | Noticed Natasha
   767 | D:2      | Killed Natasha
   768 | D:2      | Reached XP level 4. HP: 8/29 MP: 4/4
   791 | D:2      | Noticed Natasha
  1016 | D:2      | Killed Natasha
  1032 | D:2      | Noticed Natasha
  1033 | D:2      | Noticed a bullfrog
  1043 | D:2      | Killed a bullfrog
  1044 | D:2      | Reached skill level 4 in Maces & Flails
  1044 | D:2      | Reached XP level 5. HP: 34/34 MP: 5/5
  1059 | D:2      | Killed Natasha
  1077 | D:2      | Reached ** piety under Trog
  1508 | D:2      | Reached XP level 6. HP: 39/39 MP: 6/6
  2111 | D:2      | Found a runed translucent door.
  2112 | D:2      | Noticed Crazy Yiuf
  2292 | D:2      | Killed Crazy Yiuf
  2531 | D:3      | Found a basalt altar of Yredelemnul.
  2642 | D:3      | Found a shimmering altar of Xom.
  2870 | D:3      | Reached skill level 5 in Maces & Flails
  2986 | D:3      | Found an ancient bone altar of Kikubaaqudgha.
  3183 | D:3      | Found a stormy altar of Qazlal.
  3263 | D:4      | Noticed Pikel
  3426 | D:4      | Killed Pikel
  3427 | D:4      | Reached skill level 5 in Fighting
  3427 | D:4      | Reached skill level 6 in Maces & Flails
  3427 | D:4      | Reached XP level 7. HP: 44/44 MP: 7/7
  3548 | D:4      | Reached XP level 8. HP: 48/49 MP: 8/8
  3703 | D:4      | Reached *** piety under Trog
  3704 | D:4      | Reached skill level 7 in Maces & Flails
  3774 | D:4      | Found Guceyh's Distillery.
  3810 | D:4      | Found an ornate altar of the Wu Jian Council.
  3909 | D:4      | Found a white marble altar of Elyvilon.
  4344 | D:5      | Entered Level 5 of the Dungeon
  4366 | D:5      | Noticed Grinder
  4366 | D:5      | Paralysed by Grinder for 4 turns
  4392 | D:5      | Killed Grinder
  4409 | D:5      | Noticed Sigmund
  4451 | D:5      | Killed Sigmund
  4452 | D:5      | Reached skill level 8 in Maces & Flails
  4709 | D:5      | Reached skill level 5 in Armour
  4801 | D:5      | Reached XP level 9. HP: 55/55 MP: 9/9
  4934 | D:5      | Noticed Menkaure
  4938 | D:5      | Killed Menkaure
  4939 | D:5      | Reached skill level 9 in Maces & Flails
  4972 | D:5      | Found a staircase to the Ecumenical Temple.
  5439 | D:6      | Reached **** piety under Trog
  5867 | D:6      | Reached skill level 1 in Bows
  7395 | D:6      | Reached XP level 10. HP: 57/63 MP: 10/10
  7722 | D:7      | Reached skill level 10 in Maces & Flails
  7829 | D:7      | Noticed Prince Ribbit
  7848 | D:7      | Killed Prince Ribbit
  9620 | D:8      | Noticed a two-headed ogre
  9629 | D:8      | Killed a two-headed ogre
  9630 | D:8      | Reached skill level 5 in Bows
  9962 | D:9      | Noticed a cyclops
  9973 | D:9      | Killed a cyclops
 10029 | D:9      | Noticed a death yak
 10048 | D:9      | Killed a death yak
 10284 | D:9      | Reached XP level 11. HP: 48/68 MP: 11/11
 11073 | D:9      | Found a staircase to the Lair.
 11140 | D:9      | Reached ***** piety under Trog
 12023 | D:10     | Entered Level 10 of the Dungeon
 12174 | D:10     | Found a staircase to the Orcish Mines.
 12586 | D:10     | Found a roughly hewn altar of Beogh.
 12621 | D:10     | Noticed a tengu warrior
 12621 | D:10     | Noticed a tengu warrior
 12640 | D:10     | Killed a tengu warrior
 12641 | D:10     | Reached skill level 11 in Maces & Flails
 12658 | D:10     | Killed a tengu warrior
 12930 | D:10     | Noticed an unseen horror
 12957 | D:10     | Killed an unseen horror
 12958 | D:10     | Reached skill level 1 in Evocations
 13592 | D:10     | Reached XP level 12. HP: 76/76 MP: 12/12
 13652 | Lair:1   | Entered Level 1 of the Lair of Beasts
 13977 | Lair:1   | Noticed a four-headed hydra
 13998 | Lair:1   | Killed a four-headed hydra
 14140 | Lair:1   | Noticed Gastronok
 14178 | Lair:1   | Killed Gastronok
 14179 | Lair:1   | Reached skill level 10 in Fighting
 14867 | Lair:1   | Reached skill level 10 in Bows
 14964 | Lair:1   | Noticed Sonja
 15010 | Lair:1   | Killed Sonja
 15230 | Lair:1   | Reached skill level 12 in Maces & Flails
 15334 | Lair:2   | Noticed Maggie
 15354 | Lair:2   | Killed Maggie
 15705 | Lair:2   | Noticed Urug
 15725 | Lair:2   | Killed Urug
 15726 | Lair:2   | Reached skill level 10 in Armour
 16009 | Lair:2   | Received a gift from Trog
 16035 | Lair:2   | Reached XP level 13. HP: 50/83 MP: 13/13
 16259 | Lair:2   | Reached skill level 5 in Dodging
 17951 | Lair:4   | Noticed Nergalle
 17964 | Lair:4   | Killed Nergalle
 18002 | Lair:4   | Found a staircase to the Snake Pit.
 18104 | Lair:4   | Found a runed translucent gate.
 18104 | Lair:4   | Found a runed translucent gate.
 18104 | Lair:4   | Found a runed translucent gate.
 18105 | Lair:4   | Noticed a minotaur
 18107 | Lair:4   | Noticed gnacko's ghost (journeyman TrBe)
 18670 | Lair:4   | Found a staircase to the Swamp.
 19344 | Lair:5   | Reached skill level 13 in Maces & Flails
 19402 | Lair:5   | Found a frozen archway.
 19416 | IceCv    | Entered an ice cave
 20360 | IceCv    | Received a gift from Trog
 20384 | IceCv    | Gained mutation: Your large and strong wings let you fly
                  | indefinitely. [Gargoyle growth]
 20384 | IceCv    | Reached XP level 14. HP: 65/92 MP: 14/14
 20623 | IceCv    | Noticed a frost giant
 20645 | IceCv    | Killed a frost giant
 20952 | IceCv    | Got a jewelled battleaxe
 20953 | IceCv    | Identified the +7 battleaxe of the Thieving Pill Bug
                  | {chaos, rC+ Will+ Str-4 Int+2} (You found it in an ice
                  | cave)
 21092 | Lair:5   | HP: 3/138 [black mamba (7)]
 21094 | Lair:5   | Mangled by a black mamba

Illustrated notes

Levels and vault maps discovered:
D:1:      dpeg_arrival_arbitrary_c, layout_loops_ring, minmay_heptomino_h4
D:2:      layout_basic, uniq_natasha, uniq_crazy_yiuf_cottage
D:3:      layout_loops_cross, kiku_gazebo_pond_becter,
          overflow_temple_1_default, minitemple
D:4:      layout_loops_ring, elyvilon_altar_3, pdpol_wu_jian_five_deadly_venoms,
          serial_shops, shop, uniq_pikel
D:5:      layout_basic, minmay_temple_entry_statues_fountains,
          grunt_ministairs_7, chequers_serial_rivers_micro_c, uniq_sigmund,
          uniq_menkaure, uniq_grinder
D:6:      lemuel_castle_with_subvaults [lemuel_castle_interior_original],
          layout_layer_cave
D:7:      layout_layer_cave, uniq_prince_ribbit1
D:8:      layout_rooms
D:9:      layout_stronghold, minmay_lair_entry_grove, serial_ice, serial_ice_c,
          serial_ice_f, serial_ice_e, serial_ice_o
D:10:     layout_gridville, david_orc_5, grunt_decor_junction
Lair:1:   layout_regular_city, infiniplex_staircase_pool, grunt_megastairs_1,
          uniq_gastronok, uniq_sonja
Lair:2:   layout_roguey, minmay_stone_trees_medium,
          nicolae_lair_grove_arrangements, uniq_maggie, uniq_urug
Lair:3:   layout_cellular_growth
Lair:4:   layout_small_grid, palyth_hydra_swamp_entry,
          guppyfry_snake_entry_island, maelrawn_ghost_gauntlet_escape,
          uniq_nergalle
Lair:5:   layout_long_grid, dpeg_slime_entry_corner, portal_ice_cave_entry_imps,
          serial_bayou_shore_b

Skill      XL: |  1  2  3  4  5  6  7  8  9 10 11 12 13 |
---------------+----------------------------------------+-----
Dodging        | 2 3 4 5 |  5.2
Fighting       | 4 5 7 8 9 10 12 | 12.3
Maces & Flails | 4 6 8 9 10 11 12 13 | 13.9
Armour         | 3 4 5 6 7 9 10 11 | 11.2
Bows           | 3 6 8 10 11 | 11.5
Evocations     | 1 |  1.0
Stealth        | |  0.3

Action                   |  1- 3 |  4- 6 |  7- 9 | 10-12 | 13-15 || total
-------------------------+-------+-------+-------+-------+-------++-------
Melee: Mace              |    79 |   231 |    18 |       |       ||   328
       Whip              |       |       |   358 |  1045 |       ||  1403
       Eveningstar       |       |       |       |    51 |   321 ||   372
 Fire: Shortbow          |       |       |   137 |   329 |   135 ||   601
Invok: Berserk           |       |     5 |     5 |    11 |     6 ||    27
       Trog's Hand       |       |     1 |     1 |     5 |     1 ||     8
       Brothers in Arms  |       |       |       |       |     2 ||     2
Evoke: Wand              |       |       |       |    11 |     1 ||    12
  Use: Scroll            |     1 |     5 |     2 |     5 |     3 ||    16
       Potion            |       |     1 |       |     2 |     2 ||     5
Armor: Animal skin       |    15 |       |       |       |       ||    15
       Leather armour    |    42 |    23 |       |       |       ||    65
       Skin              |       |    12 |       |     5 |       ||    17
       Scale mail        |       |    71 |       |       |       ||    71
       Chain mail        |       |    28 |   206 |   550 |   382 ||  1166
Dodge: Dodged            |    56 |   134 |   159 |   418 |   284 ||  1051
